 Dungeon Crawl Stone Soup version 0.32-a0-675-gdc239d62e1 (webtiles) character file.

Game seed: 12531880590039190529

6597 pisaster the Cleaver (level 11, 0/106 HPs)
             Began as a Naga Gladiator on Mar 12, 2024.
             Was an Elder of Okawaru.
             Killed from afar by a gargoyle (7 damage)
             ... with a stone arrow
             ... on level 10 of the Dungeon.
             The game lasted 00:22:29 (11062 turns).

pisaster the Cleaver (Naga Gladiator)              Turns: 11062, Time: 00:22:30

Health: 0/106      AC: 14    Str: 20    XL:     11   Next: 2%
Magic:  10/12      EV: 13    Int:  9    God:    Okawaru [****..]
Gold:   399        SH:  0    Dex: 16    Spells: 10/10 levels left

rFire   . . .        a - +1 war axe
rCold   . . .        (no shield)
rNeg    . . .        B - +2 scale mail of Subjectivity {Dex+3}
rPois   +            c - +0 helmet
rElec   .            (no cloak)
rCorr   .            m - +0 pair of gloves
SInv    +            (no barding)
Will    +....        (no amulet)
Stlth   +++          (no ring)
HPRegen 0.37/turn    (no ring)
MPRegen 0.13/turn

%: no passive effects
@: heroic, studying Dodging, very slow
A: AC +3, large, see invisible, deformed body, poison resistance, slowness 2,
spit poison 1, naga tail 1
a: Spit Poison, Renounce Religion, Heroism, Finesse


You were on level 10 of the Dungeon.
You worshipped Okawaru.
Okawaru was greatly pleased with you.
You visited 2 branches of the dungeon, and saw 11 of its levels.

You collected 399 gold pieces.

Inventory:

Hand Weapons
 a - a +1 war axe (weapon)
Missiles
 d - 2 throwing nets
 e - a javelin
 n - 14 poisoned darts
 G - 2 boomerangs
Armour
 b - a +0 leather armour
 c - a +0 helmet (worn)
 m - a +0 pair of gloves (worn)
 q - a +0 tower shield
 t - a +0 ring mail
 B - the +2 scale mail of Subjectivity (worn) {Dex+3}
   (You found it on level 7 of the Dungeon)

   Dex+3:     It affects your dexterity (+3).
Jewellery
 p - a ring of fire
 r - a ring of magical power
 w - a ring of ice
Wands
 C - a wand of warping (15)
Scrolls
 f - 2 scrolls of enchant weapon
 j - a scroll of poison
 k - a scroll of immolation
 s - a scroll of teleportation
 u - a scroll of noise {unknown}
 x - a scroll of brand weapon {unknown}
 y - a scroll of fear
 z - 2 scrolls of enchant armour {unknown}
 A - 2 scrolls of vulnerability
 E - a scroll of fog
Potions
 g - 5 potions of brilliance
 i - a potion of resistance
 l - 3 potions of curing
 o - 3 potions of enlightenment
 v - a potion of magic {unknown}
 D - 4 potions of lignification
 F - 2 potions of might {unknown}


   Skills:
 + Level 9.5(14.5) Fighting
 - Level 11.0(16.0) Axes
 - Level 1.7(6.7) Throwing
 * Level 4.5(9.5) Armour
 * Level 6.7(11.7) Dodging
 - Level 3.0(8.0) Stealth
 - Level 2.0 Invocations


You had 10 spell levels left.
You didn't know any spells.
Your spell library contained the following spells:

 Spells                   Type           Power      Damage    Failure   Level
 Freeze                   Ice            0%         1d3       69%         1
 Sting                    Conj/Alch      0%         1d3       69%         1
 Ensorcelled Hibernation  Hex/Ice        0%         N/A       83%         2
 Mercury Vapours          Alch/Air       0%         N/A       83%         2
 Frozen Ramparts          Ice            0%         1d1       96%         3
 Fugue of the Fallen      Necr           0%         N/A       96%         3
 Hailstorm                Conj/Ice       0%         3d5       96%         3
 Mephitic Cloud           Conj/Alch/Air  0%         N/A       96%         3
 Anguish                  Hex/Necr       0%         N/A       100%        4
 Olgreb's Toxic Radiance  Alch           0%         N/A       100%        4
 Freezing Cloud           Conj/Ice/Air   0%         6-21      100%        5


Dungeon Overview and Level Annotations

Branches:
Dungeon (10/15)            Temple (1/1) D:4            Lair (0/5) D:9
    Orc: D:9-12

Altars:
Ashenzari
Cheibriados
Dithmenos
Elyvilon
Fedhas
Gozag
Hepliaklqana
Kikubaaqudgha
Makhleb
Nemelex Xobeh
Okawaru
Qazlal
Ru
Sif Muna
Trog
Uskayaw
Vehumet
Wu Jian
Xom
Yredelemnul
Zin
The Shining One

Shops:
D:8 =

Annotations:
D:4 Grinder


Innate Abilities, Weirdness & Mutations

Your serpentine skin is tough. (AC +3)
You have supernaturally acute eyesight. (SInv)
Armour fits poorly on your strangely shaped body.
Your system is resistant to poisons. (rPois)
You cover ground very slowly.
You can spit poison.
You have a snake-like lower body.


Message History

Aiming: Warp Space
Press: ? - help, Shift-Dir - straight line Space twists violently!
The rupture engulfs the electric eel!
The electric eel is heavily wounded.
Aiming: Warp Space
Press: ? - help, Shift-Dir - straight line Space twists violently!
The rupture engulfs the electric eel!
The electric eel blinks!
You hear a splash.
You feel a bit more experienced.
You start resting.
An ice beast comes into view.
A wraith comes into view.
You gain the combat prowess of a mighty hero.
You closely miss the ice beast. The ice beast misses you.
You slice the ice beast!!
The ice beast is almost dead.
You closely miss the wraith. You slash the wraith!
The wraith is moderately damaged.
You closely miss the ice beast. The wraith barely misses you.
The ice beast hits you but does no damage.
You slash the wraith!
The wraith is heavily damaged.
You hit the ice beast but do no damage. The wraith barely misses you.
The ice beast barely misses you.
An ice beast comes into view.
You slash the wraith!
You destroy the wraith!
You hit the ice beast but do no damage.
The ice beast hits you but does no damage.
The ice beast closely misses you.
You hit the ice beast.
You kill the ice beast!
You have reached level 11!
A gargoyle comes into view. It is wielding a +0 mace.
Unknown command.
Unknown command.
You closely miss the ice beast.
The ice beast hits you but does no damage.
You barely miss the ice beast.
The ice beast hits you but does no damage.
You hit the ice beast but do no damage. You hit the ice beast.
The ice beast is lightly wounded.
The gargoyle hurls a stone arrow at you.
The stone arrow hits you!! The ice beast closely misses you.
You barely miss the ice beast.
The ice beast is lightly wounded.
The ice beast hits you. The ice beast freezes you!
You slash the ice beast!
The ice beast is heavily wounded.
You slash the ice beast!
The ice beast is almost dead.
The ice beast closely misses you.
You hit the gargoyle but do no damage. You hit the ice beast.
You kill the ice beast!
The gargoyle hits you with a +0 mace.
You hit the gargoyle but do no damage.
The gargoyle hurls a stone arrow at you.
The stone arrow misses you.
You hit the gargoyle.
The gargoyle is lightly damaged.
You hit the gargoyle.
The gargoyle is lightly damaged.
You feel like a meek peon again. The gargoyle hits you with a +0 mace!
You hit the gargoyle but do no damage.
The gargoyle is lightly damaged.
The gargoyle hits you with a +0 mace!
You barely miss the gargoyle.
The gargoyle is lightly damaged.
The gargoyle hits you with a +0 mace.
You hit the gargoyle but do no damage.
The gargoyle is lightly damaged.
The gargoyle hits you with a +0 mace.
You hit the gargoyle.
The gargoyle is moderately damaged.
The gargoyle hurls a stone arrow at you.
The stone arrow hits you!!
* * * LOW HITPOINT WARNING * * *
You gain the combat prowess of a mighty hero.
The gargoyle hits you with a +0 mace!!
* * * LOW HITPOINT WARNING * * *
You slash the gargoyle!
The gargoyle is heavily damaged.
You feel much better. The gargoyle hits you with a +0 mace!
* * * LOW HITPOINT WARNING * * *
You barely miss the gargoyle.
The gargoyle is heavily damaged.
The gargoyle closely misses you.
You hit the gargoyle but do no damage.
The gargoyle is heavily damaged.
The gargoyle hits you with a +0 mace!
* * * LOW HITPOINT WARNING * * *
You hit the gargoyle.
The gargoyle is severely damaged.
The gargoyle hurls a stone arrow at you.
The stone arrow hits you!
You die...

~...... #.ß...._≈≈.
≈≈≈≈≈≈~.....##...≈≈≈≈≈≈.
≈≈≈≈≈≈≈.>..#...≈≈≈≈≈≈≈..
#≈≈≈≈≈≈....#............
#≈≈≈≈≈~....#....#####...
#≈≈≈~~...............##
#≈≈~..........#######
#≈≈........###
####9@.....##
.............#
.............#
###......##### #.......#
#...#...# .....#...#
.....#...# ####


You could see a gargoyle.

Vanquished Creatures
  A two-headed ogre (D:10)
  A komodo dragon (D:10)
  A troll (D:10)
  3 wraiths
  A wyvern (D:7)
  4 yaks (D:8)
  2 steam dragons
  2 vampire mosquitoes (D:10)
  A sky beast (D:7)
  A black bear (D:6)
  2 orc warriors
  5 ice beasts
  An ogre (D:6)
  5 centaurs
  A phantom (D:5)
  2 kobold brigands
  4 bullfrogs
  A gnoll sergeant (D:9)
  2 scorpions
  11 wights
  7 killer bees
  6 howler monkeys
  An electric eel (D:10)
  A crimson imp (D:6)
  3 bombardier beetles (D:5)
  4 hounds
  3 jellies
  5 orc wizards
  3 iguanas
  Robin (D:3)
  6 adders
  10 gnolls
  A white imp (D:6)
  7 ufetubi
  A dart slug (D:1)
  2 ribbon worms
  17 orcs
  5 bats
  3 endoplasms
  2 giant cockroaches
  16 goblins
  6 hobgoblins
  9 kobolds
  6 quokkas
  5 ball pythons
  2 frilled lizards
  2 rats
  A spectral goblin (D:7)
186 creatures vanquished.

Vanquished Creatures (others)
  An ufetubus (D:7)
  A kobold (D:9)
2 creatures vanquished.

Grand Total: 188 creatures vanquished

Notes
Turn   | Place    | Note
-------+----------+-------------------------------------------
     0 | D:1      | pisaster the Naga Gladiator began the quest for the Orb.
     0 | D:1      | Reached XP level 1. HP: 19/19 MP: 1/1
    74 | D:1      | Reached skill level 1 in Stealth
   219 | D:1      | Found a faded altar of an unknown god.
   248 | D:1      | Reached XP level 2. HP: 26/26 MP: 2/2
   884 | D:2      | Reached XP level 3. HP: 32/32 MP: 3/3
  1293 | D:3      | Found an ancient bone altar of Kikubaaqudgha.
  1564 | D:3      | Noticed Robin
  1570 | D:3      | Killed Robin
  1571 | D:3      | Reached XP level 4. HP: 36/40 MP: 4/4
  1583 | D:3      | Reached skill level 4 in Axes
  2559 | D:4      | Noticed Grinder
  2566 | D:4      | Found a staircase to the Ecumenical Temple.
  2575 | Temple   | Entered the Ecumenical Temple
  2589 | Temple   | Became a worshipper of Warmaster Okawaru
  2712 | D:4      | Reached XP level 5. HP: 38/49 MP: 5/5
  3273 | D:5      | Entered Level 5 of the Dungeon
  3372 | D:5      | Reached skill level 5 in Axes
  3801 | D:5      | Reached XP level 6. HP: 13/57 MP: 6/6
  4112 | D:5      | Reached * piety under Okawaru
  4209 | D:5      | Reached skill level 6 in Axes
  4210 | D:5      | Reached XP level 7. HP: 47/64 MP: 7/7
  4480 | D:5      | Reached skill level 1 in Invocations
  4783 | D:5      | Found a sacrificial altar of Ru.
  4822 | D:5      | Found an opulent altar of Gozag.
  5257 | D:6      | Reached skill level 5 in Fighting
  5285 | D:6      | Reached ** piety under Okawaru
  5286 | D:6      | Reached skill level 7 in Axes
  5286 | D:6      | Reached XP level 8. HP: 68/75 MP: 9/9
  5813 | D:6      | You fall into a shaft and drop 2 floors!
  5846 | D:7      | Reached skill level 8 in Axes
  5859 | D:7      | Identified the +2 scale mail of Subjectivity {Dex+3}
  6094 | D:6      | Found a shimmering altar of Xom.
  6098 | D:6      | Found a burning altar of Makhleb.
  6470 | D:7      | Noticed a wyvern
  6487 | D:7      | Killed a wyvern
  6488 | D:7      | Reached skill level 9 in Axes
  6488 | D:7      | Reached XP level 9. HP: 73/86 MP: 7/10
  6847 | D:7      | Found a glowing golden altar of the Shining One.
  7202 | D:7      | Found a hazy altar of Hepliaklqana.
  7749 | D:8      | Reached skill level 10 in Axes
  7797 | D:8      | Found Vishribua's Jewellery Boutique.
  8229 | D:8      | Reached *** piety under Okawaru
  8616 | D:9      | Reached skill level 11 in Axes
  8616 | D:9      | Reached XP level 10. HP: 60/98 MP: 8/11
  8811 | D:8      | Reached skill level 1 in Armour
  9350 | D:9      | Found a bloodstained altar of Trog.
  9355 | D:9      | Found a shimmering blue altar of Sif Muna.
  9435 | D:9      | Reached **** piety under Okawaru
  9762 | D:9      | Found a staircase to the Lair.
 10178 | D:10     | Entered Level 10 of the Dungeon
 10201 | D:10     | Noticed a two-headed ogre
 10210 | D:10     | Killed a two-headed ogre
 10211 | D:10     | Reached skill level 5 in Dodging
 10935 | D:10     | Found a glowing silver altar of Zin.
 10942 | D:10     | Found an ornate altar of the Wu Jian Council.
 10943 | D:10     | Found a hide-covered altar of Uskayaw.
 11001 | D:10     | Found a broken altar of Ashenzari.
 11040 | D:10     | Reached XP level 11. HP: 102/106 MP: 9/12
 11057 | D:10     | HP: 3/106 [gargoyle/+0 mace (20)]
 11062 | D:10     | Killed from afar by a gargoyle

Illustrated notes

Levels and vault maps discovered:
D:1:      doesnt_arrival_eight_statues, layout_basic,
          hellmonk_ecumenical_altar_leap_of_faith
D:2:      layout_basic
D:3:      layout_loops_ring, mainiacjoe_overflow_alcove_4, serial_park_tiny_1,
          uniq_robin
D:4:      layout_loops_corners, temple_hall, minmay_cut_off, uniq_grinder
D:5:      layout_rooms, mainiacjoe_overflow_two_lobes, eino_tiny_chamber
D:6:      layout_basic, grunt_temple_overflow_champion_of_chaos
D:7:      layout_basic, nicolae_hepliaklqana_monster_ancestors,
          kennysheep_mini_moat
D:8:      layout_basic, serial_shops, nicolae_square_shop
D:9:      layout_loops_cross, hellmonk_overflow_destroyed_library,
          lair_entry_dummy, supply_closet_lemuel, hangedman_decor_peaks_small,
          minivault_25
D:10:     minmay_twisted_water, layout_cross,
          chequers_temple_overflow_statue_of_worship,
          mainiacjoe_overflow_catwalk, hangedman_decor_clover_reticule
Temple:   nicolae_temple_figure_zero

Skill      XL: |  1  2  3  4  5  6  7  8  9 10 |
---------------+-------------------------------+-----
Stealth        | 1 2 3 |  3.0
Axes           | 4 5 6 7 9 11 | 11.0
Fighting       | 3 4 5 7 8 9 |  9.5
Invocations    | 2 |  2.0
Armour         | 4 |  4.5
Dodging        | 6 |  6.7
Throwing       | |  1.7

Action                     |  1- 3 |  4- 6 |  7- 9 | 10-12 || total
---------------------------+-------+-------+-------+-------++-------
  Melee: War axe           |   114 |   116 |   259 |   166 ||   655
  Throw: Dart              |       |       |     3 |     1 ||     4
         Throwing net      |       |       |       |     2 ||     2
 Invoke: Heroism           |       |       |    10 |     5 ||    15
Ability: Spit Poison       |    13 |    16 |    17 |       ||    46
  Evoke: Wand              |       |       |       |     2 ||     2
    Use: Scroll            |     6 |     3 |     2 |     4 ||    15
         Potion            |       |     2 |     4 |     3 ||     9
   Stab: Sleeping          |       |     4 |       |       ||     4
         Distracted        |       |       |     1 |       ||     1
         Held in net/web   |       |       |       |     2 ||     2
 Armour: Leather armour    |    89 |    63 |       |       ||   152
         Ring mail         |       |    54 |   108 |       ||   162
         Scale mail        |       |       |   163 |   151 ||   314
  Dodge: Dodged            |    68 |    72 |   146 |    95 ||   381

Table legend: (Time is in decaauts)
 A = Elapsed time spent in this place.
 B = Non-inter-level travel time spent in this place.
 C = Inter-level travel time spent in this place.
 D = Time resting spent in this place.
 E = Time spent auto-exploring this place.
 F = Levels seen in this place.
 G = Mean time per level.
                   A        B        C        D        E       F      G
               +--------+--------+--------+--------+--------+-----+--------+
         Total |  13234 |  12789 |    445 |   4337 |   6205 |  11 | 1203.1 |
       Dungeon |  13199 |  12770 |    429 |   4337 |   6205 |  10 | 1319.9 |
        Temple |     35 |     20 |     15 |      0 |      0 |   1 |   35.0 |
               +--------+--------+--------+--------+--------+-----+--------+

Top non-repeatable levels by time:
     D:5: 1899 daAuts
     D:9: 1829 daAuts
     D:7: 1565 daAuts
     D:8: 1542 daAuts
     D:6: 1464 daAuts
     D:4: 1329 daAuts
     D:3: 1253 daAuts
     D:1: 890 daAuts
     D:2: 738 daAuts
    D:10: 686 daAuts
  Temple: 35 daAuts

Action                     |  1- 3 |  4- 6 |  7- 9 | 10-12 || total
---------------------------+-------+-------+-------+-------++-------
  Melee: War axe           |   114 |   116 |   259 |   166 ||   655
  Throw: Dart              |       |       |     3 |     1 ||     4
         Throwing net      |       |       |       |     2 ||     2
 Invoke: Heroism           |       |       |    10 |     5 ||    15
Ability: Spit Poison       |    13 |    16 |    17 |       ||    46
  Evoke: Wand              |       |       |       |     2 ||     2
    Use: Scroll            |     6 |     3 |     2 |     4 ||    15
         Potion            |       |     2 |     4 |     3 ||     9
   Stab: Sleeping          |       |     4 |       |       ||     4
         Distracted        |       |       |     1 |       ||     1
         Held in net/web   |       |       |       |     2 ||     2
 Armour: Leather armour    |    89 |    63 |       |       ||   152
         Ring mail         |       |    54 |   108 |       ||   162
         Scale mail        |       |       |   163 |   151 ||   314
  Dodge: Dodged            |    68 |    72 |   146 |    95 ||   381

Table legend: (Time is in decaauts)
 A = Elapsed time spent in this place.
 B = Non-inter-level travel time spent in this place.
 C = Inter-level travel time spent in this place.
 D = Time resting spent in this place.
 E = Time spent auto-exploring this place.
 F = Levels seen in this place.
 G = Mean time per level.
                   A        B        C        D        E       F      G
               +--------+--------+--------+--------+--------+-----+--------+
         Total |  13234 |  12789 |    445 |   4337 |   6205 |  11 | 1203.1 |
       Dungeon |  13199 |  12770 |    429 |   4337 |   6205 |  10 | 1319.9 |
        Temple |     35 |     20 |     15 |      0 |      0 |   1 |   35.0 |
               +--------+--------+--------+--------+--------+-----+--------+

Top non-repeatable levels by time:
     D:5: 1899 daAuts
     D:9: 1829 daAuts
     D:7: 1565 daAuts
     D:8: 1542 daAuts
     D:6: 1464 daAuts
     D:4: 1329 daAuts
     D:3: 1253 daAuts
     D:1: 890 daAuts
     D:2: 738 daAuts
    D:10: 686 daAuts
  Temple: 35 daAuts
